 Dungeon Crawl Stone Soup version 0.30-a0-1043-g60ff8d5f49 (webtiles) character file.

Game seed: 7090164605931299477

5408 cheesebisquit the Arsonist (level 10, -6/90 HPs)
             Began as a Black Draconian Fire Elementalist on Apr 9, 2023.
             Was a Follower of Vehumet.
             Mangled by a yak (11 damage)
             ... on level 9 of the Dungeon.
             The game lasted 00:39:26 (11915 turns).

cheesebisquit the Arsonist (DrFE)                  Turns: 11915, Time: 00:39:26

Health: -6/90      AC:  8    Str: 11    XL:     10   Next: 40%
Magic:  7/21       EV: 12    Int: 19    God:    Vehumet [*.....]
Gold:   1449       SH:  0    Dex: 15    Spells: 4/24 levels left

rFire   . . .      SeeInvis .    c - +1 trident (heavy)
rCold   . . .      Faith    .    (no shield)
rNeg    . . .      Spirit   .    (body armour unavailable)
rPois   .          Reflect  .    (helmet restricted)
rElec   +          Rampage  .    (no cloak)
rCorr   .                        D - +0 pair of gloves {Dex+3}
Will    .....                    (no boots)
Stlth   ++                       d - amulet of regeneration
HPRegen 1.15/turn                (no ring)
MPRegen 0.17/turn                (no ring)

@: lethally poisoned (-6 -> -7), slowed, very slow
A: breathe lightning, AC +7, unfitting armour, electricity resistance,
cold-blooded
a: Breathe Lightning, Renounce Religion


You were on level 9 of the Dungeon.
You worshipped Vehumet.
Vehumet was aware of your devotion.
You visited 2 branches of the dungeon, and saw 10 of its levels.
You also visited: Bailey.

You collected 1449 gold pieces.

Inventory:

Hand Weapons
 c - a +1 heavy trident (weapon)
Missiles
 f - 2 atropa-tipped darts
 j - 15 poisoned darts
 p - 18 boomerangs
Armour
 D - a +0 pair of gloves of dexterity (worn)
Magical Staves
 C - a staff of air
Jewellery
 d - an amulet of regeneration (around neck)
 w - a ring of ice
Wands
 m - a wand of flame (46)
 A - a wand of polymorph (10)
Scrolls
 a - 2 scrolls of fog
 b - 9 scrolls of teleportation
 h - a scroll of brand weapon
 i - a scroll of enchant armour
 k - a scroll of fear
 l - a scroll of silence {unknown}
 n - a scroll of vulnerability {unknown}
 t - a scroll of poison
 u - a scroll of magic mapping
 v - a scroll of noise
 y - 2 scrolls of amnesia {unknown}
Potions
 e - 4 potions of flight
 g - 2 potions of attraction
 o - a potion of haste
 r - a potion of degeneration
 s - a potion of resistance
 x - 2 potions of lignification
 z - 5 potions of mutation
 B - a potion of might


   Skills:
 + Level 8.6 Fighting
 - Level 1.7 Dodging
 - Level 1.7 Stealth
 + Level 7.5 Spellcasting
 - Level 1.0 Conjurations
 + Level 11.3 Fire Magic


You had 4 spell levels left.
You knew the following spells:

 Your Spells              Type           Power      Damage    Failure   Level
a - Foxfire               Conj/Fire      100%       2x1d9     1%          1
b - Volatile Blastmotes   Fire/Tloc      56%        2d14      2%          3
c - Inner Flame           Hex/Fire       28%        N/A       2%          3
d - Flame Wave            Conj/Fire      30%        2d9       8%          4
e - Ignite Poison         Fire/Tmut/Pois 21%        N/A       6%          3
f - Sticky Flame          Conj/Fire      30%        2d5       8%          4
z - Scorch                Fire           100%       2d9       1%          2

Your spell library contained the following spells:

 Spells                   Type           Power      Damage    Failure   Level
 Magic Dart               Conj           44%        1d5       6%          1
 Slow                     Hex            28%        N/A       10%         1
 Momentum Strike          Conj/Tloc      18%        3d8       12%         2
 Blink                    Tloc           14%        N/A       14%         2
 Lesser Beckoning         Tloc           14%        N/A       14%         2
 Dazzling Flash           Conj/Hex       18%        N/A       24%         3
 Call Canine Familiar     Summ           7%         N/A       28%         3
 Confusing Touch          Hex            7%         N/A       28%         3
 Portal Projectile        Hex/Tloc       14%        N/A       28%         3
 Vampiric Draining        Necr           7%         2d6       28%         3
 Leda's Liquefaction      Hex/Erth       3%         N/A       67%         4
 Summon Lightning Spire   Summ/Air       7%         N/A       67%         4
 Agony                    Necr           7%         N/A       95%         5
 Silence                  Hex/Air        3%         N/A       95%         5
 Ignition                 Fire           25%        3d8       99%         8
 Eringya's Noxious Bog    Tmut/Pois      3%         N/A       100%        6
 Enfeeble                 Hex            3%         N/A       100%        7
 Storm Form               Tmut/Air       3%         N/A       100%        7
 Maxwell's Capacitive Co  Air            3%         ∞         100%        8


Dungeon Overview and Level Annotations

Branches:
Dungeon (9/15)             Temple (1/1) D:4          Bailey (visited)
   Lair: D:8-11         Orc: D:9-12

Altars:
Ashenzari
Cheibriados
Dithmenos
Elyvilon
Fedhas
Gozag
Hepliaklqana
Kikubaaqudgha
Makhleb
Nemelex Xobeh
Okawaru
Qazlal
Ru
Sif Muna
Trog
Uskayaw
Vehumet
Wu Jian
Xom
Yredelemnul
Zin
The Shining One

Annotations:
D:2 1 runed translucent door, Crazy Yiuf
D:6 2 transporters, LobsterGuardian's ghost, novice KoHu


Innate Abilities, Weirdness & Mutations

You can breathe wild blasts of lightning.
Your glossy black scales are hard. (AC +7)
You cannot fit into any form of body armour.
You are resistant to electric shocks. (rElec)
You are cold-blooded and may be slowed by cold attacks.


Message History

Casting: Foxfire (safe; 1% risk of failure)
Press: ? - help, Q - select action, (/) - cycle Dir - look around, f - activate You conjure some foxfire!
The yak gores you but does no damage.
Casting: Foxfire (safe; 1% risk of failure)
Confirm with . or Enter, or press ? or * to list all spells.
Flames lash the yak.
The yak is burned terribly!
The yak is heavily wounded.
The foxfire hits the yak but does no damage.
The yak is heavily wounded.
The foxfire hits the yak but does no damage.
The yak is heavily wounded.
The yak gores you but does no damage.
The kobold brigand throws a curare-tipped dart.
The curare-tipped dart closely misses you.
Casting: Foxfire (safe; 1% risk of failure)
Press: ? - help, Q - select action, (/) - cycle Dir - look around, f - activate You conjure some foxfire!
The kobold brigand throws a curare-tipped dart.
The curare-tipped dart hits you.
You are poisoned.
You have difficulty breathing.
* * * LOW HITPOINT WARNING * * *
You feel yourself slow down. The yak gores you!
* * * LOW HITPOINT WARNING * * *
Okay, then.
Okay, then.
As you read the scroll of fear, it crumbles to dust.
You assume a fearsome visage.
The yak looks frightened! x4
The acid dragon looks frightened! x2; The kobold brigand looks frightened!
The kobold looks frightened!
You feel very sick.
The foxfire hits the yak!
The yak is burned terribly!
The yak is severely wounded.
Your attack snaps the yak out of its fear.
The foxfire hits the kobold brigand.
The kobold brigand is moderately wounded.
Your attack snaps the kobold brigand out of its fear.
The yak gores you!
You die...

...# #.......####### ##.#
#.#####.......# #.# #.#
#..####.# #.####.#
#.......# #.#<...#
#..##########
#.###########.#.........
#.............#.########
################†#########.
...# .........§@YYY.YD....
...# ########.§.##KK......
...# #..K##........ ...#
.#######....+..)..... ...#
.........####........
...#.# #####..#####...)....
...#.# #..#....+........
.###.# ....##.####........
.# #.# ##### #....#........


You could see 4 yaks, an acid dragon (fleeing), a kobold brigand and 2 kobolds.

Vanquished Creatures
  Pikel (D:6)
  Prince Ribbit (D:7)
  Sigmund (D:5)
  A yak (D:9)
  A steam dragon (D:9)
  An acid dragon (D:5)
  A water moccasin (D:7)
  Duvessa (D:5)
  9 orc warriors
  A black bear (D:7)
  3 sky beasts
  An ogre (D:6)
  A centaur (D:4)
  2 phantoms
  2 lemures
  3 bullfrogs
  A kobold brigand (D:6)
  8 scorpions
  3 wights (D:7)
  Dowan (D:5)
  16 killer bees
  A howler monkey (D:6)
  4 hounds
  3 orc priests
  2 sleepcaps (D:6)
  4 iguanas
  An iron imp (D:7)
  Terence (D:2)
  Jessica (D:3)
  6 orc wizards
  3 gnolls (D:4)
  2 adders
  A shadow imp (D:7)
  An ufetubus (D:4)
  A worm (D:2)
  3 dart slugs
  35 orcs
  8 bats
  4 endoplasms
  6 giant cockroaches
  13 goblins
  9 hobgoblins
  3 jackals (D:1)
  4 quokkas
  9 ball pythons
  2 frilled lizards (D:3)
  28 kobolds
  5 rats
219 creatures vanquished.

Vanquished Creatures (others)
  An orc priest (D:3)
  An orc wizard (D:3)
  A kobold (D:3)
  A rat (D:3)
  570 foxfires
574 creatures vanquished.

Grand Total: 793 creatures vanquished

Notes
Turn   | Place    | Note
-------+----------+-------------------------------------------
     0 | D:1      | cheesebisquit the Draconian Fire Elementalist began the
                  | quest for the Orb.
     0 | D:1      | Reached XP level 1. HP: 14/14 MP: 3/3
   108 | D:1      | Reached XP level 2. HP: 8/20 MP: 0/5
   540 | D:1      | Reached skill level 4 in Fire Magic
   658 | D:1      | Reached XP level 3. HP: 26/26 MP: 3/6
   889 | D:2      | Learned a level 2 spell: Scorch
   893 | D:2      | Learned a level 3 spell: Inner Flame
   985 | D:2      | Noticed Terence
   994 | D:2      | Killed Terence
   995 | D:2      | Reached skill level 5 in Fire Magic
   995 | D:2      | Reached XP level 4. HP: 22/33 MP: 0/7
  1526 | D:2      | Found a runed translucent door.
  1527 | D:2      | Noticed Crazy Yiuf
  1779 | D:3      | Found a hide-covered altar of Uskayaw.
  2093 | D:3      | Found a shimmering altar of Xom.
  3077 | D:3      | Noticed Jessica
  3084 | D:3      | Killed Jessica
  3085 | D:3      | Reached XP level 5. HP: 38/38 MP: 0/8
  3327 | D:4      | Reached skill level 6 in Fire Magic
  3676 | D:4      | Reached XP level 6. HP: 20/45 MP: 0/9
  3792 | D:4      | Reached skill level 7 in Fire Magic
  4371 | D:4      | Reached skill level 8 in Fire Magic
  4371 | D:4      | Your scales start taking on a glossy black colour.
  4371 | D:4      | Reached XP level 7. HP: 50/50 MP: 0/10
  4371 | D:4      | Gained mutation: You are resistant to electric shocks.
                  | (rElec) [Black Draconian growth]
  4658 | D:4      | Found a staircase to the Ecumenical Temple.
  4667 | Temple   | Entered the Ecumenical Temple
  4951 | D:4      | Learned a level 3 spell: Volatile Blastmotes
  4998 | D:5      | Entered Level 5 of the Dungeon
  5143 | D:5      | Noticed Sigmund
  5155 | D:5      | Killed Sigmund
  5470 | D:5      | Reached XP level 8. HP: 63/63 MP: 5/13
  5471 | D:5      | Noticed Duvessa
  5487 | D:5      | Noticed Dowan
  5710 | D:5      | Identified the +1 chain mail of the Shining Light {Harm
                  | Rampage Str-2 Slay+3}
  5917 | D:5      | Killed Duvessa
  5921 | D:5      | Killed Dowan
  6044 | D:5      | Got the Tome of Anathema and Virulence
  6102 | D:5      | Learned a level 4 spell: Flame Wave
  6114 | D:6      | Noticed a hornet
  6129 | D:6      | Noticed LobsterGuardian's ghost (novice KoHu)
  6153 | D:6      | Reached skill level 9 in Fire Magic
  6193 | D:6      | Found a transporter.
  6196 | D:6      | Found a transporter.
  6239 | D:6      | Noticed Pikel
  6909 | D:6      | Reached skill level 5 in Fighting
  7215 | D:6      | Reached skill level 5 in Spellcasting
  7371 | D:6      | Reached XP level 9. HP: 67/74 MP: 11/16
  7825 | D:6      | Killed Pikel
  7826 | D:6      | Reached skill level 10 in Fire Magic
  8082 | D:7      | Noticed Prince Ribbit
  8508 | D:7      | Found a snail-covered altar of Cheibriados.
  8914 | D:7      | Found a shadowy altar of Dithmenos.
  9104 | Temple   | Became a worshipper of Vehumet
  9352 | D:7      | Found a burning altar of Makhleb.
  9352 | D:7      | Found an iron altar of Okawaru.
  9537 | D:7      | Killed Prince Ribbit
  9858 | D:8      | Reached XP level 10. HP: 78/88 MP: 15/20
 10076 | D:8      | Found a flagged portal.
 10083 | Bailey   | Entered a bailey
 10332 | Bailey   | Reached * piety under Vehumet
 10332 | Bailey   | Offered knowledge of Magic Dart by Vehumet.
 10333 | Bailey   | Reached skill level 11 in Fire Magic
 10337 | Bailey   | Learned a level 3 spell: Ignite Poison
 10342 | Bailey   | Learned a level 4 spell: Sticky Flame
 11915 | D:9      | Mangled by a yak

Illustrated notes

Levels and vault maps discovered:
D:1:      lightli_arrival_lavapool, layout_rooms, columned_hall_lemuel
D:2:      cheibrodos_helix_gallery, layout_basic, uniq_terence,
          uniq_crazy_yiuf_cottage
D:3:      wad_crossroads, layout_loops_ring, mainiacjoe_overflow_boulevard,
          xom_confusion_cloud, uniq_jessica
D:4:      layout_cave_pools, temple_hall
D:5:      layout_rooms, minmay_misc_feat_hallway, minmay_misc_feat_roman,
          uniq_duvessa, uniq_sigmund
D:6:      layout_basic, gammafunk_ghost_hive, uniq_pikel
D:7:      layout_loops_ring, slow_altar_2, gammafunk_temple_overflow_wave,
          mainiacjoe_overflow_paths, uniq_prince_ribbit1
D:8:      layout_cave_pools, enter_bailey_3, grunt_decor_fettered,
          minmay_misc_feat_columns
D:9:      layout_basic, lair_entry_dummy, nicolae_shop_unique_rings,
          glass_columns_a
Temple:   compressed_dpeg_triangle_lava_temple

Skill      XL: |  1  2  3  4  5  6  7  8  9 10 |
---------------+-------------------------------+-----
Fire Magic     | 4 5 6 8 9 10 11 | 11.3
Fighting       | 3 5 7 8 |  8.6
Spellcasting   | 3 5 6 7 |  7.5
Dodging        | |  1.7
Stealth        | |  1.7
Conjurations   | |  1.0

Action                     |  1- 3 |  4- 6 |  7- 9 | 10-12 || total
---------------------------+-------+-------+-------+-------++-------
  Melee: Unarmed           |    24 |       |       |       ||    24
         Tailslap          |     2 |     3 |     6 |     1 ||    12
         Trident           |    17 |    38 |    38 |     5 ||    98
         Punch             |       |       |     1 |     1 ||     2
   Cast: Foxfire           |    46 |    88 |   126 |    74 ||   334
         Scorch            |     1 |    36 |   101 |    45 ||   183
         Inner Flame       |       |       |       |     1 ||     1
    Use: Potion            |     1 |       |     7 |     2 ||    10
         Scroll            |       |     1 |     9 |     8 ||    18
   Stab: Sleeping          |       |     1 |       |       ||     1
 Armour: Skin              |    24 |    23 |    92 |    19 ||   158
  Dodge: Dodged            |    48 |    40 |   186 |    33 ||   307

Table legend: (Time is in decaauts)
 A = Elapsed time spent in this place.
 B = Non-inter-level travel time spent in this place.
 C = Inter-level travel time spent in this place.
 D = Time resting spent in this place.
 E = Time spent auto-exploring this place.
 F = Levels seen in this place.
 G = Mean time per level.
                   A        B        C        D        E       F      G
               +--------+--------+--------+--------+--------+-----+--------+
         Total |  11959 |  11076 |    883 |    466 |   8770 |  11 | 1087.2 |
       Dungeon |  10826 |   9994 |    832 |    370 |   8054 |   9 | 1202.9 |
        Temple |    308 |    257 |     51 |      0 |    245 |   1 |  308.0 |
        Bailey |    824 |    824 |      0 |     96 |    471 |   1 |  824.0 |
               +--------+--------+--------+--------+--------+-----+--------+

Top non-repeatable levels by time:
     D:6: 2181 daAuts
     D:3: 1539 daAuts
     D:4: 1413 daAuts
     D:7: 1410 daAuts
     D:2: 1246 daAuts
     D:5: 999 daAuts
     D:8: 948 daAuts
  Bailey: 824 daAuts
     D:1: 790 daAuts
  Temple: 308 daAuts
     D:9: 296 daAuts
